Cogmind - Beta 11 @@@ ROGUE MODE // 2022.04.16 @ 10:46:17 Player: Azken Zutik Result: Destroyed by G-47 Trooper with Particle Gun Performance ------------- Evolutions (0) 0 Regions Visited (1) 200 Robots Destroyed (25) 125 Value Destroyed (325) 325 Prototype IDs (0) 0 Alien Tech Used (0) 0 Bonus (0) 0 TOTAL SCORE: 650 Bonus ------- None Cogmind --------- Core Integrity 0/250 Matter 133/300 Energy 45/100 System Corruption 0% Temperature Critical (892) Movement Core (300) Ox5 Location -10/Materials Parts ------- > --- POWER (1) -------- (None) > --- PROPULSION (2) --- Light Treads > --- UTILITY (2) ------ Medium Storage Unit > --- WEAPON (2) ------- Beam Cannon Beam Cannon > --- INVENTORY (10) --- Ion Engine Huge Storage Unit Small Matter Pod (47) Medium Matter Pod (0) Medium Matter Pod (0) Medium Matter Pod (0) Medium Matter Pod (100) Light Assault Rifle Light Assault Rifle Mining Laser Peak State ------------ > --- POWER ------------ Ion Engine > --- PROPULSION ------- Light Treads Light Treads > --- UTILITY ---------- Medium Storage Unit Improved Terrain Scanner > --- WEAPON ----------- Small Laser Beam Cannon > --- INVENTORY -------- Ion Engine Light Ion Engine Small Matter Pod Medium Matter Pod Medium Matter Pod Medium Matter Pod Medium Matter Pod Light Assault Rifle Light Assault Rifle Mining Laser [Rating: 10] Favorites ----------- Power Ion Engine Engine Ion Engine Propulsion Light Treads Treads Light Treads Utility Improved Terrain Scanner Device Improved Terrain Scanner Storage Small Storage Unit Protection Hardened Light Armor Plating Weapon Small Laser Energy Gun Small Laser Energy Cannon Beam Cannon Ballistic Gun Light Assault Rifle Build | -11 -10 ------- Run | Scr Mat Slots Evolved . | . . Power . | . . Propulsion . | . . Utility . | . . Weapon . | . . Parts Attached 13 | 7 6 Power 1 | 1 . Engine 1 | 1 . Core . | . . Reactor . | . . Propulsion 2 | 2 . Treads 2 | 2 . Leg . | . . Wheel . | . . Hover . | . . Flight . | . . Utility 4 | 2 2 Device 1 | 1 . Storage 2 | 1 1 Processor . | . . Hackware . | . . Protection 1 | . 1 Artifact . | . . Weapon 6 | 2 4 Energy Gun 1 | 1 . Energy Cannon 3 | . 3 Ballistic Gun 2 | 1 1 Ballistic Cannon . | . . Launcher . | . . Special Weapon . | . . Impact Weapon . | . . Slashing Weapon . | . . Piercing Weapon . | . . Special Melee Weapon . | . . Unidentified Prototypes . | . . Parts Lost 3 | . 3 Power 1 | . 1 Propulsion 1 | . 1 Utility 1 | . 1 Weapon . | . . Highest Loss Streak 3 | . 3 To Critical Strikes . | . . Average Slot Usage (%) 97 | . 97 Engine 12 | . 12 Treads 26 | . 26 Device 11 | . 11 Storage 14 | . 14 Protection 1 | . 1 Energy Gun 10 | . 10 Energy Cannon 15 | . 15 Ballistic Gun 1 | . 1 Naked Turns . | . . Heaviest Build 26 | 13 26 Greatest Support 40 | 40 40 Greatest Overweight (x) . | . . Average Overweight (x) . | . . Largest Inventory Capacity 10 | 8 10 Average Capacity 7 | 6 9 Most Carried 10 | 3 10 Average Carried 3 | . 7 Final Capacity 10 | 8 10 Final Carried 10 | 3 10 Class Distribution -------------------- 100% | Mutant Dominant Class ---------------- Mutant | -10/Materials Resources | -11 -10 ----------- Run | Scr Mat Matter Collected 470 | 403 67 Remotely . | . . Salvage Created 618 | 324 294 Parts 40 | 22 18 Haulers Intercepted . | . . Recyclers Shooed . | . . Parts Field Recycled . | . . Retrieved Matter . | . . Parts Self-Destructed . | . . Prevented . | . . Kills | -11 -10 ------- Run | Scr Mat Combat Hostiles Destroyed 8 | . 8 Guns 3 | . 3 Cannons 5 | . 5 Classes Destroyed 6 | 3 3 Worker 4 | 4 . Tunneler 10 | 9 1 Recycler 1 | 1 . Watcher 2 | . 2 Swarmer 3 | . 3 Grunt 5 | . 5 Best Kill Streak 6 | 6 4 Combat Bots Only 3 | . 3 Max Kills in Single Turn 1 | 1 1 Gunslinging . | . . Exploded . | . . Melee . | . . Uniques/NPCs Destroyed . | . . Combat | -11 -10 -------- Run | Scr Mat Damage Taken 762 | . 762 Core 262 | . 262 Absorbed by Shields . | . . Core Remaining (%) 100 | 100 . Volleys Fired 72 | 38 34 Largest 2 | 2 2 Hottest 120 | 60 120 Shots Fired 140 | 76 64 Gun 102 | 76 26 Cannon 38 | . 38 Launcher . | . . Special . | . . Kinetic 48 | 38 10 Thermal 92 | 38 54 Explosive . | . . Electromagnetic . | . . Robot Hit Streak 9 | 9 5 Robot Miss Streak 3 | 3 3 Penetration Max . | . . Secondary Targets . | . . Shots Hit Robots 84 | 49 35 Core Hits 38 | 22 16 Critical Kills . | . . Critical Parts Destroyed . | . . Critical Strikes . | . . Melee Attacks . | . . Impact . | . . Slashing . | . . Piercing . | . . Sneak Attacks . | . . Combat Hostiles . | . . Follow-up Attacks . | . . Damage Inflicted 983 | 475 508 Guns 685 | 475 210 Cannons 298 | . 298 Explosions . | . . Melee . | . . Ramming . | . . Kinetic 232 | 169 63 Thermal 751 | 306 445 Explosive . | . . Electromagnetic . | . . Impact . | . . Slashing . | . . Piercing . | . . Highest Corruption . | . . Average Corruption . | . . Corruption Purged . | . . Corruption Blocked . | . . Overload Shots . | . . Overflow Damage . | . . Projectiles . | . . Explosions . | . . Melee . | . . Knockbacks . | . . Impact . | . . Kinetic . | . . Secondary . | . . Self-Inflicted Damage . | . . Shots . | . . Rammed . | . . Targets Rammed . | . . Kicked . | . . Crushed . | . . Highest Temperature 865 | 20 865 Average Temperature 166 | 9 258 Received Heat Transfer 357 | . 357 Effects 23 | . 23 Shutdowns 3 | . 3 Energy Bleed 1 | . 1 Interference 1 | . 1 Matter Decay 3 | . 3 Short Circuit 2 | . 2 Damage (minor) 3 | . 3 Damage (major) 5 | . 5 Damage (core) 5 | . 5 Siege Activations . | . . Robots Corrupted . | . . Combat Hostiles . | . . Parts Fried . | . . Impact Corruptions . | . . Robots Melted . | . . Combat Hostiles . | . . Parts Melted 1 | . 1 Heat Transferred 1654 | 700 954 Parts Sabotaged . | . . Parts Stolen . | . . Parts Stripped . | . . Power Chain Reactions . | . . Missiles Intercepted . | . . Alert | -11 -10 ------- Run | Scr Mat Peak Influence 252 | 70 252 Initial . | . . Average 70 | 35 116 Maximum Alert Level 1 | . 1 Low Security (%) 93 | 100 84 Level 1 6 | . 15 Level 2 . | . . Level 3 . | . . Level 4 . | . . Level 5 . | . . High Security . | . . Max Security . | . . Squads Dispatched 1 | . 1 Investigation . | . . Extermination . | . . Reinforcement 1 | . 1 Assault . | . . Garrison . | . . Intercept . | . . Searches Triggered . | . . Construction Impeded . | . . Haulers Reinforced . | . . Active Scanning Responses . | . . Cargo Convoy Interrupts . | . . Stealth | -11 -10 --------- Run | Scr Mat Distress Signals 2 | . 2 Communications Jammed . | . . Distress Signals . | . . Times Spotted 14 | . 14 Peak Tracking Total 4 | . 4 Tactical Retreats . | . . Traps | -11 -10 ------- Run | Scr Mat Traps Triggered . | . . Indirectly . | . . Trap Hack Attempts . | . . Triggered . | . . Disarmed . | . . Reprogrammed . | . . Reused . | . . Traps Extracted . | . . Installed . | . . Triggered . | . . Machines | -11 -10 ---------- Run | Scr Mat Machines Disabled . | . . Max in Single Turn . | . . Machines Sabotaged . | . . Garrisons Compromised . | . . Overloaded Fab Kills . | . . Hacking | -11 -10 --------- Run | Scr Mat Machines Accessed 2 | . 2 Terminals 2 | . 2 Fabricators . | . . Repair Stations . | . . Recycling Units . | . . Scanalyzers . | . . Garrison Access . | . . Total Hacks 5 | . 5 Successful 3 | . 3 Failed 2 | . 2 Catastrophic . | . . Database Lockouts . | . . Manual 5 | . 5 Terminals 5 | . 5 Fabricators . | . . Repair Stations . | . . Recycling Units . | . . Scanalyzers . | . . Garrison Access . | . . Terminal Hacks . | . . Fabricator Hacks . | . . Repair Station Hacks . | . . Recycling Unit Hacks . | . . Scanalyzer . | . . Garrison Access Hacks . | . . Unauthorized Hacks 3 | . 3 Terminals 3 | . 3 Botnet 2 | . 2 Disrupt 1 | . 1 Fabricators . | . . Repair Stations . | . . Recycling Units . | . . Scanalyzers . | . . Garrison Access . | . . Data Cores Recovered . | . . Used . | . . Hacking Detections 1 | . 1 Full Trace Events . | . . Feedback Events . | . . Feedback Blocked . | . . Robot Schematics Acquired . | . . Robots Built . | . . Authchips . | . . Time . | . . Total Robot Build Rating . | . . Part Schematics Acquired . | . . Parts Built . | . . Authchips . | . . Time . | . . Total Part Build Rating . | . . Parts Repaired . | . . Time . | . . Parts Recycled . | . . Recycled Matter . | . . Retrieved Matter . | . . Retrieved Components . | . . Parts Scanalyzed . | . . Part Schematics Acquired . | . . Parts Damaged . | . . Bothacking | -11 -10 ------------ Run | Scr Mat Used RIF Installer . | . . Robots Hacked . | . . Non-combat . | . . Combat . | . . Robot Hacks Applied . | . . Relay Couplers Released . | . . Fabnet Peak Effective % . | . . Robots Rewired . | . . Allies Hacked . | . . Hacks Repelled . | . . Allies | -11 -10 -------- Run | Scr Mat Total Allies . | . . Largest Group . | . . Highest-Rated Group . | . . Highest-Rated Ally . | . . Total Orders . | . . Ally Attacks . | . . Total Damage . | . . Kills . | . . Allies Corrupted . | . . Allies Melted . | . . Intel | -11 -10 ------- Run | Scr Mat Robot Analysis Total . | . . Derelict Logs Recovered . | . . Drone Launches . | . . Drone Recoveries . | . . Exploration | -11 -10 ------------- Run | Scr Mat Turns Passed 900 | 507 393 Spaces Moved 327 | 161 166 Core 50 | 50 . Treads 277 | 111 166 Legs . | . . Wheels . | . . Hover . | . . Flight . | . . Fastest Speed 50 | 50 160 Average Speed 143 | 125 160 Slowest Speed 160 | 160 160 Overloaded Moves . | . . Propulsion Burnouts . | . . Robots Hopped . | . . Cave-ins Triggered . | . . Exploration Rate (%) 17 | 4 30 Regions Visited 1 Branch Regions . Pre-discovered Areas . | . . Known Exits Taken . | . . Unknown Exits Taken 1 | 1 . Scrap Searched . | . . Spaces Dug . | . . Terrain Destroyed . | . . Melee . | . . Projectile . | . . AOE . | . . Terrain Rammed . | . . Walls Destroyed . | . . Machines Disabled . | . . Actions | -11 -10 --------- Run | Scr Mat Total 624 | 394 230 Wait 198 | 186 12 Move 326 | 160 166 Hop . | . . Pick Up 11 | 3 8 Fast Attach 9 | 7 2 Attach . | . . Detach . | . . Swap 4 | . 4 Drop 4 | . 4 Fire 72 | 38 34 Melee . | . . Ram . | . . Kick . | . . Crush . | . . Escape Stasis . | . . Rewire . | . . Trap . | . . Miscellaneous . | . . Route ------- -11/Scrapyard -10/Materials (discovered 2 exits: [*Mat] / [*Min]) History --------- Turn | Location | Event 7 | -11/Scrapyard | Discovered new exit (range 15) 508 | -11/Scrapyard | Entered Materials 509 | -10/Materials | Build established: Mutant 635 | -10/Materials | Discovered new exit (range 15) 826 | -10/Materials | Discovered new exit (range 3) 885 | -10/Materials | Core integrity fell below 50% 895 | -10/Materials | Core integrity fell below 20% 901 | -10/Materials | Destroyed by G-47 Trooper with Particle Gun Last Messages --------------- 00885_ Overheating: Core damaged (-40). 00886_ Overheating: Core damaged (-25). 00888_ Overheating: Matter decay (-28). 00889_ Overheating: Energy bleed (-24). 00889_ R-06 Scavenger collects Sml. Laser. 00890_ Lgt. Assault Rifle broken. 00890_ Overheating: Short circuit. 00891_ Overheating: System interference. 00891_ Beam Cannon temporarily disabled. 00891_ Hrd. Light Armor Plating destroyed. 00892_ R-06 Scavenger collects Imp. Terrain Scanner. 00895_ Overheating: Core damaged (-30). 00895_ R-06 Scavenger collects Aluminum Leg. 00896_ Overheating: Core damaged (-27). 00898_ Overheating: Broken Lgt. Treads damaged (-40). 00898_ Overheating: Med. Storage Unit damaged (-70). 00898_ Overheating: Beam Cannon damaged (-19). 00899_ R-06 Scavenger collects Aluminum Leg. 00901_ Overheating: Beam Cannon damaged (-32). 00901_ Critical hit (Burn: +37). Map ----- +----------------------------------------------------+ | | | ???????????????????????#??????????#???#??????????? | | ????????????????????????????????????????????#????? | | ????????????????????????????????#??##????????????? | | ???????????????????????????#?????????????????????? | | ???????????????????????????????????????????#????#? | | ??????????????????????##????????????##?????#?????? | | ????????????????????????#????????????########????? | | ????????????????????????############?# ###### | | ????????????????????????# [ ##?# T # "" | | ????????????? ? ????????# #??# # """ | | ????????????????????##### #??# # """ | | ??????????????????#?# # ##?# # """ | | ????????????????????# < # * #??# =# "" | | ????????????????????# # #??##+##+## | | ????????????????????# + ##### = + | | ??????????????? ????# # / = =# | | ??????????????? ????# ############### ^ ####+# | | ????????????????????# #?????????????# ^ | | ????????????????????# #####?????#???# | | ???????????????? ???# [[#??????#?##### | | ?????????????#??????# [[###????#?????###+# " | | ????????????????????+ [[#???????? ?????? # " | | ????????????????????# [[#???#??? ?? ??? # " | | ????????????????????# g r !#????????? ????? # | | ????????????????????# %@!!#??????#?????? + | | ????????????????????# #####????????????? ? # | | ????????????????????# #?????#?????????? ???# | | ??????????????????? #????????????????????##### | | ????????????????? #??????????????????? ????# | | ??????????????? #???????????????????????## | | ??????????????####### ??????????????????????#??# | | ????????????????????# ???????????????????????### | | ????????????????????# ?????????????????????????? | | ????????????????????# ?????????????????????????? | | ????????????????????# ??????????????????????#??? | | ?????????????????????? ?????????????????????#????? | | ????????????????????????????????????????????????#? | | ???????????????????????????????????????????????#?? | | ?????????????????????????????????????????????????? | | ?????????????????????????????????????????????????? | | ????????????????????????????????????????? ???????? | | ???????????????????????????????????????????#?????? | | ?????????????????????????????????????????????????# | | ?????????????????????????????????????????????????? | | ???????????????????????????????????????????? ????? | | ????????????????????????????????????????????? ?? ? | | ???????????????????????????????????????????????# # | | ???????????????????????????????????????????????+ | | ???????????????????????????????????????????????# | +----------------------------------------------------+ Best States ------------- Heat Dissipation 25 Energy Generation 10 Energy Capacity 250 Matter Stores 300 Matter Capacity 300 Sight Range 16 Terrain Scan Range 16 Terrain Scan Density 10 Armor Coverage 150 Evasion (%) 50 Recoil Reduction 2 Item Schematics ----------------- None Robot Schematics ------------------ None Fabricated ------------ Nothing Alien Tech Used ----------------- None Achievements -------------- None Challenges ------------ None Game ------ Seed CoolingScatterTriangulator Manual? 0 Play Time 00:10:07 Cumulative 289.1 hours Start 2022.04.16 @ 08:57:26 End 2022.04.16 @ 10:46:17 Sessions 2 Manual Loads 0 Difficulty Rogue Special Mode None Game No. 84 Rogue 84 Adventurer 0 Explorer 0 Win Type - Total 6 Types 3/1/0/0/2/0/0/0/0 Lore% 59 Gallery% 73 Achievement% 66 Wizard Run 0 Options --------- ASCII 0 Keyboard 0 Movement Arrows Keybinds 0 Fullscreen 0 Font 28/SmallcapsGlow Map View 72x54 Tactical HUD 1 Map Filters NONE Filters NONE Steam 1 RUN: a6f07ba2-4371-44b2-9e78-6702388dc96a